 Dungeon Crawl Stone Soup version 0.28-a0-664-gc179e30c89 (webtiles) character file.

Game seed: 5037147582383978421

51 Gwenloh the Skirmisher (level 3, -3/29 HPs)
             Began as a Demonspawn Abyssal Knight on Oct 15, 2021.
             Was a Believer of Lugonu.
             Slain by an iguana (12 damage)
             ... on level 4 of the Dungeon.
             The game lasted 00:05:15 (2050 turns).

Gwenloh the Skirmisher (Demonspawn Abyssal Knight)  Turns: 2050, Time: 00:05:16

Health: -3/29      AC:  5    Str: 19    XL:     3   Next: 58%
Magic:  4/5        EV: 16    Int: 11    God:    Lugonu [**....]
Gold:   60         SH:  0    Dex: 14    Spells: 2/2 levels left

rFire   . . .      SeeInvis .   a - +1 mace
rCold   . . .      Faith    .   (no shield)
rNeg    . . .      Spirit   .   b - +0 leather armour
rPois   .          Reflect  .   n - +0 helmet
rElec   .          Harm     .   (no cloak)
rCorr   .          Rampage  .   (no gloves)
Will    .....                   m - +0 pair of boots
Stlth   +.........              (no amulet)
HPRegen 0.09/turn               h - +6 ring of strength
MPRegen 0.09/turn               (no ring)

@: agile
A: claws 1, powered by pain 1
a: Renounce Religion, Depart the Abyss, Bend Space


You were on level 4 of the Dungeon.
You worshipped Lugonu.
Lugonu was pleased with you.
You visited 1 branch of the dungeon, and saw 4 of its levels.
You visited the Abyss 1 time.

You collected 60 gold pieces.

Inventory:

Hand Weapons
 a - a +1 mace (weapon)
Missiles
 f - 25 sling bullets
 g - 10 stones (quivered)
Armour
 b - a +0 leather armour (worn)
 m - a +0 pair of boots (worn)
 n - a +0 helmet (worn)
Jewellery
 h - a +6 ring of strength (left claw)
Scrolls
 c - 3 scrolls of identify {unknown}
 e - 3 scrolls of blinking {unknown}
 j - a scroll of amnesia {unknown}
 k - 3 scrolls of enchant armour {unknown}
 l - a scroll of vulnerability {unknown}
 o - a scroll of teleportation {unknown}
Potions
 d - a potion of flight {unknown}
 i - 2 potions of cancellation {unknown}


   Skills:
 + Level 3.3 Fighting
 * Level 2.3 Maces & Flails
 + Level 2.1 Armour
 + Level 1.4 Dodging
 * Level 3.3 Invocations


You had 2 spell levels left.
You didn't know any spells.
Your spell library contained the following spells:

 Spells                   Type           Power      Damage    Failure   Level
 Ignite Poison            Fire/Tmut/Pois 0%         N/A       77%         3
 Mephitic Cloud           Conj/Pois/Air  0%         N/A       77%         3
 Freezing Cloud           Conj/Ice/Air   0%         6-21      100%        5


Dungeon Overview and Level Annotations

Branches:
Dungeon (3/15)

Altars:


Innate Abilities, Weirdness & Mutations

You have sharp fingernails.
You sometimes gain a little power by taking damage.


Message History

You throw a stone. The stone hits the iguana.
The iguana is lightly wounded.
You throw a stone. The stone hits the iguana.
The iguana is lightly wounded.
You throw a stone.
The stone hits the iguana but does no damage.
The iguana is lightly wounded.
You throw a stone.
The stone hits the iguana but does no damage.
The iguana is lightly wounded.
You throw a stone. The stone closely misses the iguana.
The iguana bites you.
You hit the iguana.
The iguana is heavily wounded.
The iguana bites you.
You closely miss the iguana.
The iguana is heavily wounded.
The iguana bites you but does no damage.
You hit the iguana but do no damage.
The iguana is heavily wounded.
The iguana bites you. Space bends around you!
You blink.
You throw a stone. The stone barely misses the iguana.
You throw a stone.
The stone hits the iguana but does no damage.
The iguana is heavily wounded.
You completely miss the iguana.
The iguana is heavily wounded.
The iguana bites you but does no damage.
You sock the iguana!
The iguana is almost dead.
The iguana closely misses you.
You hit the iguana.
The iguana is almost dead.
The iguana bites you!
You focus on the pain.
You feel agile all of a sudden. The iguana closely misses you.
You hit the iguana but do no damage.
The iguana is almost dead.
The iguana bites you!
You die...

#....# #....# #....#
#....#
####....##########
#.................
#.................
#.................
#@................
#l.^.......)......
#(...........†....
####.........#+######
#....#+####### #....#
#....+ #..(.#
...(....


You could see an iguana.

Vanquished Creatures
  A gnoll (D:1)
  2 dart slugs
  2 bats (D:1)
  7 endoplasms
  2 giant cockroaches (D:1)
  6 goblins
  A hobgoblin (D:2)
  4 jackals
  3 kobolds
  A quokka (D:1)
  A ball python (D:1)
  A frilled lizard (D:1)
  A rat (D:1)
32 creatures vanquished.

Notes
Turn   | Place    | Note
-------+----------+-------------------------------------------
     0 | Abyss:1  | Gwenloh the Demonspawn Abyssal Knight began the quest for
                  | the Orb.
     0 | Abyss:1  | Reached XP level 1. HP: 18/18 MP: 2/2
    47 | D:1      | Escaped the Abyss
   133 | D:1      | Reached skill level 1 in Dodging
   313 | D:1      | Gained mutation: You have sharp fingernails. [demonic
                  | ancestry]
   313 | D:1      | Reached XP level 2. HP: 24/24 MP: 4/4
  1051 | D:1      | Gained mutation: You sometimes gain a little power by
                  | taking damage. [demonic ancestry]
  1051 | D:1      | Reached XP level 3. HP: 25/29 MP: 5/5
  1637 | D:2      | Reached ** piety under Lugonu
  1753 | D:2      | You fall into a shaft and drop 1 floor!
  1914 | D:2      | You fall into a shaft and drop 2 floors!
  2050 | D:4      | Slain by an iguana

Illustrated notes

Levels and vault maps discovered:
D:1:      minmay_arrival_semitransparent, layout_loops_corners
D:2:      layout_rooms, shapermc_ecumenical_altar_totnotflames
D:3:      layout_loops_ring, zin_scriptorium, saegor_snake_ambush
D:4:      layout_gridville

Skill      XL: |  1  2 |
---------------+-------+-----
Dodging        | 1 |  1.4
Maces & Flails | 2 |  2.3
Armour         | 2 |  2.1
Invocations    | 3 |  3.3
Fighting       | |  3.3

Action                   || total
-------------------------++-------
Melee: Mace              ||    82
Throw: Stone             ||    62
Invok: Bend Space        ||     1
 Stab: Sleeping          ||     1
Armor: Leather armour    ||    26
Dodge: Dodged            ||    50

Table legend: (Time is in decaauts)
 A = Elapsed time spent in this place.
 B = Non-inter-level travel time spent in this place.
 C = Inter-level travel time spent in this place.
 D = Time resting spent in this place.
 E = Time spent auto-exploring this place.
 F = Levels seen in this place.
 G = Mean time per level.
                   A        B        C        D        E       F      G
               +--------+--------+--------+--------+--------+-----+--------+
         Total |   2080 |   2031 |     49 |    139 |   1475 |   5 |  416.0 |
       Dungeon |   2033 |   1984 |     49 |    139 |   1437 |   4 |  508.2 |
         Abyss |     47 |     47 |      0 |      0 |     38 |   1 |   47.0 |
               +--------+--------+--------+--------+--------+-----+--------+

Top non-repeatable levels by time:
     D:1: 1539 daAuts
     D:2: 337 daAuts
     D:4: 139 daAuts
 Abyss:1: 47 daAuts
     D:3: 16 daAuts
